 Dungeon Crawl Stone Soup version 0.27-a0-1123-g2f9bb313c0 (webtiles) character file.

Game seed: 15775864727428291013

35543 wakim the Grappler (level 13, -4/127 HPs)
             Began as a Troll Monk on May 3, 2021.
             Was an Elder of Qazlal.
             Slain by a basilisk (6 damage)
             ... while petrified by a basilisk
             ... on level 6 of the Lair of Beasts.
             The game lasted 00:28:18 (14787 turns).

wakim the Grappler (Troll Monk)                    Turns: 14787, Time: 00:28:19

Health: -4/127     AC: 13    Str: 26    XL:     13   Next: 48%
Magic:  14/18      EV:  1    Int:  8    God:    Qazlal [****..]
Gold:   1551       SH:  0    Dex: 12    Spells: 12/12 levels left

rFire    + . .     SeeInvis .     - Unarmed
rCold    . . .     Faith    .   (no shield)
rNeg     + + +     Spirit   .   n - +1 acid dragon scales
rPois    ∞         Reflect  +   o - +0 hat
rElec    .         Harm     .   g - +0 cloak
rCorr    +         Rampage  .   (gloves unavailable)
Will     .....                  (boots unavailable)
Stlth    +.........             d - amulet of Lavetwus {Reflect rCorr Int+2 SH+5 Stlth+}
HPRegen  1.31/turn              e - +4 ring of evasion
MPRegen  0.16/turn              m - ring of protection from fire

@: petrified, frozen, repel missiles, very slow
A: large, unfitting armour, claws 3, regeneration 1, shaggy fur 1, tough skin 1
a: Renounce Religion, Upheaval, Elemental Force


You were on level 6 of the Lair of Beasts.
You worshipped Qazlal.
Qazlal was greatly pleased with you.
You visited 3 branches of the dungeon, and saw 17 of its levels.

You collected 2000 gold pieces.
You spent 449 gold pieces at shops.

Inventory:

Missiles
 a - 7 boomerangs of dispersal {=f!f}
 b - 64 poisoned darts
 i - 3 atropa-tipped darts
 j - 14 boomerangs (quivered)
Armour
 g - a +0 cloak (worn)
 n - +1 acid dragon scales (worn)
 o - a +0 hat (worn)
 p - the +1 robe of the Maze {+Inv rElec Str-4 Stlth+}
   (You took it off an orc wizard on level 9 of the Dungeon)

   It affects your strength (-4).
   It insulates you from electricity.
   It lets you turn invisible.
   It makes you more stealthy.
Jewellery
 d - the amulet of Lavetwus (around neck) {Reflect rCorr Int+2 SH+5 Stlth+}
   (You acquired it on level 6 of the Dungeon)

   [amulet of reflection]

   It reflects blocked missile attacks.
   It affects your intelligence (+2).
   It protects you from acid and corrosion.
   It affects your SH (+5).
   It makes you more stealthy.
 e - a +4 ring of evasion (left claw)
 f - the ring of Grontol {Str+6 Int+4}
   (You found it on level 8 of the Dungeon)

   [ring of strength]

   It affects your strength (+6).
   It affects your intelligence (+4).
 k - a ring of resist corrosion
 m - a ring of protection from fire (right claw)
Wands
 h - a wand of charming (5)
 u - a wand of mindburst (16)
 w - a wand of acid (8)
 x - a wand of iceblast (16)
 y - a wand of paralysis (24)
 z - a wand of polymorph (4)
Scrolls
 c - 3 scrolls of enchant weapon
 l - a scroll of enchant armour
 r - 4 scrolls of identify
 R - a scroll of magic mapping {!r}
 T - 2 scrolls of teleportation
 X - 2 scrolls of fog
Potions
 A - a potion of ambrosia
 B - 4 potions of attraction {!q}
 D - 5 potions of brilliance
 E - 2 potions of cancellation
 F - 8 potions of curing
 G - a potion of flight
 H - 5 potions of haste
 J - 2 potions of heal wounds
 K - a potion of magic
 M - a potion of mutation {!q}
 N - 2 potions of might
 O - a potion of resistance


   Skills:
 + Level 7.6 Fighting
 + Level 7.8 Throwing
 + Level 9.9 Armour
 + Level 6.3 Dodging
 - Level 1.0 Stealth
 * Level 12.2 Unarmed Combat
 * Level 8.2 Invocations


You had 12 spell levels left.
You didn't know any spells.
Your spell library contained the following spells:

 Spells                   Type           Power      Damage    Failure   Level
 Animate Skeleton         Necr           0%         N/A       45%         1
 Apportation              Tloc           0%         N/A       45%         1
 Corona                   Hex            0%         N/A       45%         1
 Freeze                   Ice            0%         1d3       45%         1
 Magic Dart               Conj           0%         1d3       45%         1
 Summon Small Mammal      Summ           0%         N/A       45%         1
 Searing Ray              Conj           0%         3d3       58%         2
 Static Discharge         Conj/Air       0%         N/A       58%         2
 Dazzling Flash           Conj/Hex       0%         N/A       83%         3
 Frozen Ramparts          Ice            0%         1d2       83%         3
 Ozocubu's Armour         Ice            0%         N/A       83%         3
 Fulminant Prism          Conj/Hex       0%         3d6       99%         4
 Hailstorm                Conj/Ice       0%         3d3       99%         4
 Iskenderun's Mystic Bla  Conj/Tloc      0%         2d3       99%         4
 Lightning Bolt           Conj/Air       0%         1d11      100%        5
 Metabolic Englaciation   Hex/Ice        0%         N/A       100%        5
 Ignition                 Fire           0%         3d3       100%        8
 Shatter                  Erth           0%         3d5*      100%        9
 Tornado                  Air            0%         N/A       100%        9


Dungeon Overview and Level Annotations

Branches:
Dungeon (10/15)            Temple (1/1) D:4            Lair (6/6) D:8
  Swamp (0/4) Lair:4        Snake (0/4) Lair:3        Slime (0/5) Lair:5
    Orc: D:9-12

Altars:
Ashenzari
Cheibriados
Dithmenos
Elyvilon
Fedhas
Gozag
Hepliaklqana
Kikubaaqudgha
Makhleb
Nemelex Xobeh
Okawaru
Qazlal
Ru
Sif Muna
Trog
Uskayaw
Vehumet
Wu Jian
Xom
Yredelemnul
Zin
The Shining One

Shops:
D:2 [   D:7 *   D:8 (


Innate Abilities, Weirdness & Mutations

You are too large for most types of armour.
You have claws for hands.
Your natural rate of healing is unusually fast.
You are covered in fur. (AC +1)
You have tough skin. (AC +1)


Message History

Qazlal accepts your kill.
A lindwurm comes into view.
The basilisk bites you!
* * * LOW HITPOINT WARNING * * *
The hell rat bites you but does no damage.
The polar bear bites you.
* * * LOW HITPOINT WARNING * * *
The polar bear claws you but does no damage. x2
The hell rat bites you but does no damage.
The basilisk bites you.
* * * LOW HITPOINT WARNING * * *
Your earth elemental disappears in a puff of smoke!
The hell rat bites you but does no damage.
The hell rat bites you.
* * * LOW HITPOINT WARNING * * *
The polar bear bites you but does no damage.
The polar bear claws you but does no damage. x2
The basilisk gazes at you.
You easily resist.
Your earth elemental disappears in a puff of smoke!
The hell rat bites you but does no damage. x2
The lindwurm breathes flames at you.
The blast of flame hits the hell rat!!
The hell rat dies!
The blast of flame hits you!! You resist.
* * * LOW HITPOINT WARNING * * *
The polar bear bites you.
The polar bear claws you but does no damage.
The polar bear claws you. The basilisk bites you.
* * * LOW HITPOINT WARNING * * *
The hell rat bites you!
* * * LOW HITPOINT WARNING * * *
The rime drake breathes ice at you. The flash freeze hits you!
* * * LOW HITPOINT WARNING * * *
You are encased in ice.
The polar bear bites you.
The polar bear claws you but does no damage. x2
The basilisk bites you!
You die...

.. #.....# ..
...##.....# ...
...#...⌠..##...
.⌠........#..⌠.
................
.....☼.☼°.......
.....°...○.....
#...⌠rl@°.⌠..#
.....hkhr...## .#
...#..rr§°.## #.##. .
#......######P.P..
...k###+r## P.#......
....##..†####........
....rr..§..#.........
....#rEE.⌠#Y.........
..r.......#..........


You could see a lindwurm, 2 polar bears, a basilisk, a rime drake (catching
breath) and 5 hell rats.

Vanquished Creatures
  Nessos (Lair:5)
  A boulder beetle (Lair:4)
  3 hydras
  A catoblepas (Lair:4)
  A centaur warrior (D:9)
  Erica (D:9)
  A two-headed ogre (D:10)
  4 oklob plants
  Maurice (D:9)
  12 elephants
  2 black mambas
  10 cane toads
  2 rime drakes
  9 komodo dragons
  2 polar bears
  5 slime creatures (D:9)
  8 blink frogs
  A dream sheep (Lair:6)
  A shadow (D:10)
  A dire elephant simulacrum (Lair:5)
  2 wyverns
  39 yaks
  6 humans (D:8)
  Grum (D:9)
  An acid dragon (D:8)
  10 water moccasins
  A hydra simulacrum (Lair:5)
  A sky beast (D:5)
  Duvessa (D:5)
  2 orc warriors
  2 ice beasts
  A black bear (Lair:3)
  A black mamba simulacrum (Lair:5)
  2 ogres (D:4)
  7 centaurs
  17 wolves
  2 necrophages (D:4)
  A phantom (D:4)
  5 bullfrogs
  4 scorpions
  Dowan (D:5)
  A blink frog simulacrum (Lair:5)
  An electric eel (D:8)
  2 howler monkeys
  5 centaur zombies
  4 hounds
  4 bullfrog zombies
  7 orc priests
  A jelly (D:7)
  A bullfrog skeleton (D:5)
  Terence (D:3)
  7 iguanas
  5 orc wizards
  A killer bee zombie (D:6)
  2 bullfrog simulacra (Lair:5)
  A hound skeleton (D:4)
  3 howler monkey zombies
  4 adders
  4 gnolls (D:2)
  4 shadow imps
  A white imp (D:6)
  An ufetubus (D:5)
  A worm (D:3)
  2 dart slugs
  18 orcs
  6 endoplasms
  5 giant cockroaches
  4 goblins
  11 hobgoblins
  5 jackals (D:2)
  3 quokkas
  5 ball pythons
  A bat (D:2)
  7 frilled lizards
  8 kobolds
  10 rats
320 creatures vanquished.

Vanquished Creatures (collateral kills)
  A rime drake (Lair:6)
  3 dream sheep (Lair:6)
4 creatures vanquished.

Vanquished Creatures (others)
  A hell rat (Lair:6)
  13 fungi
  25 plants
39 creatures vanquished.

Grand Total: 363 creatures vanquished

Notes
Turn   | Place    | Note
-------+----------+-------------------------------------------
     0 | D:1      | wakim the Troll Monk began the quest for the Orb.
     0 | D:1      | Reached XP level 1. HP: 22/22 MP: 0/0
   272 | D:1      | Reached XP level 2. HP: 29/29 MP: 1/1
   610 | D:1      | Found a faded altar of an unknown god.
  1015 | D:2      | Reached skill level 1 in Armour
  1015 | D:2      | Reached XP level 3. HP: 34/36 MP: 2/2
  1059 | D:2      | Reached skill level 1 in Throwing
  1093 | D:2      | Reached XP level 4. HP: 36/44 MP: 3/3
  1379 | D:2      | Reached skill level 4 in Unarmed Combat
  1410 | D:2      | Found Miypraq's Armour Shoppe.
  1752 | D:3      | Noticed Terence
  1761 | D:3      | Killed Terence
  1762 | D:3      | Reached XP level 5. HP: 53/53 MP: 4/4
  2526 | D:4      | Found a large runed translucent door.
  2529 | D:4      | Found a large runed translucent door.
  2535 | D:4      | Noticed an ogre
  2547 | D:4      | Noticed a phantom
  2559 | D:4      | Killed an ogre
  2560 | D:4      | Reached XP level 6. HP: 40/61 MP: 5/5
  2577 | D:4      | Reached skill level 5 in Unarmed Combat
  2618 | D:4      | Found an ornate altar of the Wu Jian Council.
  2640 | D:4      | Found a blossoming altar of Fedhas.
  2674 | D:4      | Found a staircase to the Ecumenical Temple.
  2694 | Temple   | Entered the Ecumenical Temple
  2920 | D:4      | Reached XP level 7. HP: 48/67 MP: 6/6
  3655 | D:5      | Entered Level 5 of the Dungeon
  3784 | D:5      | Reached skill level 6 in Unarmed Combat
  3860 | D:5      | Noticed Duvessa
  3862 | D:5      | Noticed Dowan
  3875 | D:5      | Reached XP level 8. HP: 76/78 MP: 7/7
  3885 | D:5      | Killed Duvessa
  3905 | D:5      | Killed Dowan
  3918 | D:5      | Found a shimmering altar of Xom.
  4163 | D:5      | You fall into a shaft and drop 3 floors!
  4238 | D:8      | Identified the ring of Grontol {Str+6 Int+4}
  4249 | D:8      | Found a staircase to the Lair.
  4526 | D:5      | Reached skill level 5 in Armour
  4526 | D:5      | Reached skill level 7 in Unarmed Combat
  5024 | D:6      | Reached XP level 9. HP: 84/85 MP: 8/8
  5295 | D:6      | Identified a scroll of acquirement
  5295 | D:6      | Acquired the amulet of Lavetwus {Reflect rCorr Int+2 SH+5
                  | Stlth+}
  5415 | D:6      | Found a radiant altar of Vehumet.
  5777 | D:7      | Found Ahockofa's Assorted Antiques.
  5962 | D:7      | Reached skill level 5 in Fighting
  5962 | D:7      | Reached skill level 8 in Unarmed Combat
  5994 | D:7      | Found a sacrificial altar of Ru.
  6563 | D:8      | Found Pooghik's Antique Weapon Shop.
  6963 | D:9      | Found a stormy altar of Qazlal.
  6970 | D:9      | Became a worshipper of Qazlal Stormbringer
  6970 | D:9      | Reached * piety under Qazlal
  6970 | D:9      | Reached ** piety under Qazlal
  7056 | D:9      | Reached skill level 5 in Throwing
  7101 | D:9      | HP: 2/88 [enormous slime creature (78)]
  7142 | D:9      | Reached XP level 10. HP: 52/96 MP: 9/9
  7198 | D:9      | Reached skill level 1 in Invocations
  7206 | D:9      | Reached skill level 9 in Unarmed Combat
  7466 | D:9      | Identified the +1 robe of the Maze {+Inv rElec Str-4
                  | Stlth+}
  7507 | D:9      | Noticed a centaur warrior
  7514 | D:9      | Killed a centaur warrior
  7712 | D:9      | Noticed Maurice
  7715 | D:9      | Noticed Erica
  7731 | D:9      | Killed Erica
  7732 | D:9      | Killed Maurice
  7826 | D:9      | Noticed Grum
  7837 | D:9      | Killed Grum
  8009 | D:7      | Bought a cloak for 139 gold pieces
  8009 | D:7      | Bought a scroll of identify for 62 gold pieces
  8009 | D:7      | Bought a scroll of identify for 62 gold pieces
  8009 | D:7      | Bought 3 scrolls of identify for 186 gold pieces
  8618 | D:10     | Entered Level 10 of the Dungeon
  8636 | D:10     | Reached XP level 11. HP: 75/105 MP: 12/12
  8681 | D:10     | Noticed a two-headed ogre
  8703 | D:10     | Killed a two-headed ogre
  8833 | D:10     | Acquired 764 gold pieces
  9303 | D:10     | Reached skill level 10 in Unarmed Combat
  9311 | D:10     | Reached *** piety under Qazlal
  9403 | Lair:1   | Entered Level 1 of the Lair of Beasts
  9622 | Lair:1   | Noticed an eight-headed hydra
  9637 | Lair:1   | Killed a nine-headed hydra
  9733 | Lair:1   | Reached skill level 5 in Invocations
  9958 | Lair:1   | Noticed a five-headed hydra
 10057 | D:8      | Killed a six-headed hydra
 10900 | Lair:2   | Reached skill level 5 in Dodging
 10932 | Lair:2   | Reached XP level 12. HP: 94/115 MP: 15/15
 11159 | Lair:2   | Reached skill level 11 in Unarmed Combat
 11321 | Lair:2   | Reached **** piety under Qazlal
 11333 | Lair:2   | Identified the +9 long sword of Salt {vamp, rPois rN+++
                  | Str-3 Dex+4}
 12425 | Lair:3   | Found a staircase to the Snake Pit.
 12552 | Lair:3   | You fall into a shaft and drop 2 floors!
 12590 | Lair:5   | Found a transporter.
 12605 | Lair:5   | Found a staircase to the Slime Pits.
 12885 | Lair:4   | Noticed a boulder beetle
 12897 | Lair:4   | Killed a boulder beetle
 12898 | Lair:4   | Reached XP level 13. HP: 122/124 MP: 17/17
 13547 | Lair:4   | Found a staircase to the Swamp.
 14055 | Lair:5   | Noticed Nessos
 14080 | Lair:5   | Reached skill level 12 in Unarmed Combat
 14081 | Lair:5   | Killed Nessos
 14354 | Lair:5   | Found a transporter.
 14758 | Lair:6   | Entered Level 6 of the Lair of Beasts
 14787 | Lair:6   | HP: 6/127 [hell rat (6)]
 14787 | Lair:6   | HP: 2/127 [rime drake/flash freeze (4)]
 14787 | Lair:6   | Slain by a basilisk

Illustrated notes

Levels and vault maps discovered:
D:1:      minmay_arrival_hallway, layout_loops_cross,
          ebering_ecumenical_altar_sacrificial, kennysheep_boxes
D:2:      layout_basic, serial_shops, nicolae_shop_waterfront
D:3:      layout_basic, uniq_terence
D:4:      layout_cave_pods, jmf_multi_god_temple2,
          minmay_temple_entry_gardened_gates
D:5:      layout_cave_pods, lemuel_crystal_altar, uniq_duvessa
D:6:      layout_basic, general_overflow_altar
D:7:      layout_basic, nicolae_ru_path_of_blood, serial_shops,
          nicolae_shop_crystal
D:8:      layout_basic, dpeg_oklobed_lair, serial_shops, shop, minmay_ruffians
D:9:      layout_grid_maze, grunt_qazlal_clouds, uniq_maurice, uniq_erica,
          uniq_grum
D:10:     layout_irregular_city, serial_column_ruins, column_ruins_hut_pillars,
          column_ruins_open_tiny, column_ruins_grid_4,
          column_ruins_open_small_water, column_ruins_open_small,
          column_ruins_grid_3
Temple:   eino_temple_scatter_basement
Lair:1:   layout_layer_cave, st_stairs_11, grunt_megastairs_4
Lair:2:   layout_cave_pods
Lair:3:   layout_chaotic_city, dummy_snake_entry
Lair:4:   layout_cave_pods, swamp_mist, nzn_sisyphean_effort
Lair:5:   gammafunk_cloud_chamber, layout_hall_layers,
          minmay_slime_entry_oklob_open, beast_lair_carwin_3,
          serial_bayou_shore_b, lemuel_fruit_tree, uniq_nessos
Lair:6:   grunt_lair_end_beastmaster, layout_cave_pods, kennysheep_rathole,
          grunt_megastairs_3

Skill      XL: |  1  2  3  4  5  6  7  8  9 10 11 12 13 |
---------------+----------------------------------------+-----
Armour         | 1 2 3 4 5 6 7 8 9 |  9.9
Throwing       | 1 2 3 4 5 6 7 |  7.8
Unarmed Combat | 4 5 6 7 8 9 10 11 12 | 12.2
Fighting       | 3 4 5 6 7 |  7.6
Dodging        | 3 4 5 6 |  6.3
Invocations    | 3 5 7 8 |  8.2
Stealth        | |  1.0

Action                   |  1- 3 |  4- 6 |  7- 9 | 10-12 | 13-15 || total
-------------------------+-------+-------+-------+-------+-------++-------
Melee: Unarmed           |    93 |   110 |   279 |   488 |   151 ||  1121
       Punch             |     1 |     2 |    15 |    46 |    18 ||    82
Throw: Dart              |    46 |    16 |    32 |    13 |       ||   107
       Boomerang         |       |       |       |    20 |     6 ||    26
Invok: Upheaval          |       |       |       |     1 |     1 ||     2
       Elemental Force   |       |       |       |     1 |     1 ||     2
Evoke: Wand              |       |       |       |     1 |       ||     1
  Use: Scroll            |     3 |     7 |     9 |     7 |       ||    26
       Potion            |       |       |       |       |     1 ||     1
 Stab: Sleeping          |     1 |     1 |     1 |       |       ||     3
Armor: Robe              |    18 |     9 |    36 |       |       ||    63
       Acid dragon scale |       |       |     6 |   154 |    62 ||   222
       Skin              |       |       |       |     1 |       ||     1
Dodge: Dodged            |    49 |    64 |   154 |   265 |   119 ||   651
       Repelled          |       |       |       |     3 |     3 ||     6
Block: Other             |       |       |    21 |   204 |    85 ||   310
       Reflection        |       |       |     1 |     4 |     2 ||     7

Table legend: (Time is in decaauts)
 A = Elapsed time spent in this place.
 B = Non-inter-level travel time spent in this place.
 C = Inter-level travel time spent in this place.
 D = Time resting spent in this place.
 E = Time spent auto-exploring this place.
 F = Levels seen in this place.
 G = Mean time per level.
                   A        B        C        D        E       F      G
               +--------+--------+--------+--------+--------+-----+--------+
         Total |  14608 |  13837 |    771 |      0 |  11324 |  17 |  859.3 |
       Dungeon |   9142 |   8575 |    567 |      0 |   6941 |  10 |  914.2 |
        Temple |    220 |    198 |     22 |      0 |    197 |   1 |  220.0 |
          Lair |   5244 |   5062 |    182 |      0 |   4186 |   6 |  874.0 |
               +--------+--------+--------+--------+--------+-----+--------+

Top non-repeatable levels by time:
     D:9: 1579 daAuts
  Lair:1: 1414 daAuts
  Lair:2: 1284 daAuts
     D:8: 1041 daAuts
     D:4: 1004 daAuts
  Lair:5: 923 daAuts
  Lair:4: 916 daAuts
     D:1: 890 daAuts
     D:5: 881 daAuts
     D:7: 876 daAuts
     D:3: 816 daAuts
    D:10: 717 daAuts
     D:2: 701 daAuts
  Lair:3: 676 daAuts
     D:6: 633 daAuts
